 Dungeon Sprint DCSS version 0.16-a0-3061-g1c4ddba (webtiles) character file.

1300000 BluebellGnoll the Intangible (level 14, -33/80 HPs)
             Began as a Deep Elf Warper on Dec 10, 2014.
             Was a Believer of Makhleb.
             Annihilated by a meat berserker
             ... wielding a +9 battleaxe
              (74 damage)
             ... in the Dungeon (Sprint VIII: "Arena of Blood").
             The game lasted 00:01:18 (13 turns).

BluebellGnoll the Intangible (Deep Elf Warper)        Turns: 13, Time: 00:01:18

Health: -33/80     AC:  3    Str:  8    XL:     14   Next: 27%
Magic:  28/35      EV: 32    Int: 20    God:    Makhleb [**....]
Gold:   0          SH:  0    Dex: 18    Spells: 1 memorised, 33 levels left

rFire  . . .     SeeInvis .     l - +∞ Axe of Woe
rCold  . . .     Clarity  .     b - +0 leather armour
rNeg   . . .     SustAb   .     (no shield)
rPois  .         Gourm    .     (no helmet)
rElec  .         Spirit   .     (no cloak)
rCorr  .         Warding  .     (no gloves)
rMut   .         NoTele   +     (no boots)
MR     +....                    (no amulet)
Stlth  +++++++...               (no ring)
                                (no ring)

@: somewhat resistant to hostile enchantments, extremely stealthy
A: no striking features
a: Minor Destruction, Renounce Religion


You were in the Dungeon.
You worshipped Makhleb.
Makhleb was pleased with you.
You were not hungry.

You visited 1 branch

Inventory:

Hand weapons
 a - a +0 hand axe
 l - the +∞ Axe of Woe (weapon)
   (You found it in the Dungeon)
Missiles
 e - 5 tomahawks of dispersal (quivered)
Armour
 b - a +0 leather armour (worn)
Scrolls
 d - 2 scrolls of blinking
Potions
 g - a potion of curing
 h - a potion of heal wounds
 i - a potion of haste
 j - 2 potions of magic
 k - a potion of berserk rage
Books
 c - a book of Spatial Translocations

   Spells                             Type                      Level
   a - Apportation                    Translocation                1
   b - Blink                          Translocation                2
   c - Shroud of Golubria             Charms/Translocation         2
   d - Portal Projectile              Translocation                3
   e - Teleport Other                 Translocation                3
   f - Passage of Golubria            Translocation                4
Comestibles
 f - a bread ration


   Skills:
 + Level 6.7 Fighting
 + Level 7.2 Axes
 + Level 4.0 Throwing
 + Level 3.2 Armour
 O Level 27 Dodging
 * Level 19.8 Stealth
 + Level 10.9 Spellcasting
 + Level 15.2 Translocations
 * Level 17.1 Invocations


You had 33 spell levels left.
You knew the following spells:

 Your Spells              Type           Power        Failure   Level  Hunger
a - Apportation           Tloc           ######....   0%          1    None


Dungeon Overview and Level Annotations

Branches:
Dungeon (1/1)

Altars:
Makhleb


Message History

Your Stealth skill increases to level 19!
Your Spellcasting skill increases to level 10!
Your Translocations skill gained 2 levels and is now at level 15!
Your Invocations skill increases to level 17!
You have reached level 14!
You hear a shout! x15
A bag of meat comes into view. It is wielding a +9 war axe.
Unknown command.
You hear a shout! x2
The meat berserker rages.
You hear a shout! x8
The meat berserker appears out of thin air!
A meat berserker comes into view. It is wielding a +9 battleaxe.
The bag of meat moves out of view.
You hear a shout! x6
The bag of meat appears out of thin air!
A bag of meat comes into view. It is wielding a +9 war axe.
The meat berserker hits you with a +9 battleaxe!!!!
Ouch! That really hurt!
You die...

.... .........
......... ..........
........o. #.......#
. #.......# ...
.###.....))###......
.......###.)@.o......
........_..)O.o......
.....#.....#o......#
. #_.<._#........
#.....#......#.
....o_..........
......###........
.###.. ..O###.. #..
...#


You could see 2 meat berserkers and 5 bags of meat.

Vanquished Creatures
  3 ogres (D)
  2 orcs (D)
5 creatures vanquished.

Notes
Turn   | Place    | Note
--------------------------------------------------------------
     0 | D        | BluebellGnoll, the Deep Elf Warper, began the quest for the Orb.
     0 | D        | Reached XP level 1. HP: 12/12 MP: 5/5
     2 | D        | Noticed a bag of meat
     3 | D        | Noticed a bag of meat
     3 | D        | Became a worshipper of Makhleb the Destroyer
     7 | D        | Noticed a meat berserker
     8 | D        | Killed a bag of meat
     8 | D        | Reached skill level 27 in Dodging
     8 | D        | Reached XP level 2. HP: 16/16 MP: 8/8
     8 | D        | Reached XP level 3. HP: 20/20 MP: 10/10
     8 | D        | Reached XP level 4. HP: 25/25 MP: 13/13
     8 | D        | Reached XP level 5. HP: 29/29 MP: 16/16
     8 | D        | Reached XP level 6. HP: 34/34 MP: 18/18
     8 | D        | Reached XP level 7. HP: 38/38 MP: 20/20
     8 | D        | Reached XP level 8. HP: 43/43 MP: 21/21
     8 | D        | Reached XP level 9. HP: 47/47 MP: 22/22
     8 | D        | Reached XP level 10. HP: 52/52 MP: 24/24
     8 | D        | Reached XP level 11. HP: 56/56 MP: 25/25
     8 | D        | Killed a bag of meat
     8 | D        | Acquired Makhleb's first power
     8 | D        | Reached skill level 15 in Stealth
     8 | D        | Reached XP level 12. HP: 61/61 MP: 26/32
    10 | D        | Noticed a bag of meat
    10 | D        | Noticed a meat berserker
    10 | D        | Noticed a meat berserker
    10 | D        | Killed a meat berserker
    10 | D        | Reached skill level 1 in Armour
    10 | D        | Reached skill level 10 in Translocations
    10 | D        | Reached skill level 15 in Invocations
    10 | D        | Reached XP level 13. HP: 64/70 MP: 26/33
    11 | D        | Noticed a bag of meat
    11 | D        | Noticed a bag of meat
    11 | D        | Noticed a meat berserker
    11 | D        | Killed a meat berserker
    11 | D        | Acquired Makhleb's second power
    11 | D        | Reached skill level 5 in Fighting
    12 | D        | Noticed a bag of meat
    12 | D        | Killed a meat berserker
    12 | D        | Reached skill level 10 in Spellcasting
    12 | D        | Reached skill level 15 in Translocations
    12 | D        | Reached XP level 14. HP: 40/80 MP: 27/35
    13 | D        | Noticed a bag of meat
    13 | D        | Annihilated by a meat berserker

Action                   |  1- 3 |  4- 6 |  7- 9 | 10-12 | 13-15 || total
-------------------------+-------+-------+-------+-------+-------++-------
Melee: Executioner's axe |     1 |       |       |     1 |     2 ||     4
